 Dungeon Crawl Stone Soup version 0.30-a0-465-g8901f6c8b5 (webtiles) character file.

Game seed: 945586633627810044

887 JoshKwa the Magician (level 7, -2/57 HPs)
             Began as a Purple Draconian Fire Elementalist on Dec 17, 2022.
             Slain by a gnoll sergeant
             ... wielding a +3 trident of protection
              (12 damage)
             ... on level 5 of the Dungeon.
             The game lasted 00:22:35 (4007 turns).

JoshKwa the Magician (DrFE)                         Turns: 4007, Time: 00:22:35

Health: -2/57      AC:  6    Str: 19    XL:     7   Next: 77%
Magic:  10/16      EV: 12    Int: 14    God:
Gold:   51         SH:  0    Dex: 10    Spells: 8/18 levels left

rFire   + . .      SeeInvis +    j - +5 whip of Astregan {holy, rF+ rCorr Str+2}
rCold   . . .      Faith    .    (no shield)
rNeg    . . .      Spirit   .    (body armour unavailable)
rPois   +          Reflect  .    (helmet restricted)
rElec   .          Harm     .    (no cloak)
rCorr   +          Rampage  .    (no gloves)
Will    +....                    (no boots)
Stlth   ++........               (no amulet)
HPRegen 0.29/turn                g - ring of see invisible
MPRegen 0.15/turn                (no ring)

@: about to teleport
A: breathe power, AC +6, unfitting armour, cold-blooded, fangs 1, passive
freeze, poison resistance, strong 1
a: Breathe Dispelling Energy


You were on level 5 of the Dungeon.
You visited 1 branch of the dungeon, and saw 5 of its levels.

You collected 195 gold pieces.
You spent 144 gold pieces at shops.

Inventory:

Hand Weapons
 d - a +0 spear of freezing
 j - the +5 whip of Astregan (weapon) {holy, rF+ rCorr Str+2}
   (You found it on level 4 of the Dungeon)

   It has been blessed by the Shining One to cause great damage to the undead
   and demons.
   Str:       It affects your strength (+2).
   rF:        It protects you from fire.
   rCorr:     It protects you from acid and corrosion.
 k - a +3 vampiric dagger
Jewellery
 g - a ring of see invisible (left hand)
Wands
 t - a wand of digging (2)
Scrolls
 l - a scroll of teleportation
 m - a scroll of immolation
 p - a scroll of blinking
 q - a scroll of silence {unknown}
 r - 2 scrolls of identify
 s - a scroll of poison
Potions
 a - a potion of berserk rage
 b - a potion of brilliance
 c - a potion of invisibility {unknown}
 e - 2 potions of ambrosia
 h - a potion of degeneration {unknown}
 i - a potion of flight
 n - a potion of lignification {unknown}
 o - a potion of haste


   Skills:
 * Level 3.3 Fighting
 + Level 0.9 Short Blades
 + Level 0.1(0.4) Long Blades
 + Level 1.5 Maces & Flails
 + Level 1.3 Polearms
 + Level 2.8 Dodging
 + Level 2.1 Stealth
 * Level 6.0 Spellcasting
 + Level 3.3 Conjurations
 + Level 4.6 Fire Magic


You had 8 spell levels left.
You knew the following spells:

 Your Spells              Type           Power      Damage    Failure   Level
a - Foxfire               Conj/Fire      60%        2x1d7     3%          1
b - Scorch                Fire           34%        2d6       3%          2
c - Flame Wave            Conj/Fire      15%        2d7       30%         4
d - Gell's Gravitas       Tloc           4%         N/A       43%         3

Your spell library contained the following spells:

 Spells                   Type           Power      Damage    Failure   Level
 Inner Flame              Hex/Fire       10%        N/A       19%         3
 Ensorcelled Hibernation  Hex/Ice        8%         N/A       24%         2
 Passwall                 Tmut/Erth      3%         N/A       24%         2
 Kindle Blastsparks       Fire/Tloc/Air  16%        2d11      26%         3
 Lesser Beckoning         Tloc           8%         N/A       43%         3
 Swiftness                Air            4%         N/A       43%         3
 Teleport Other           Tloc           4%         N/A       43%         3


Dungeon Overview and Level Annotations

Branches:
Dungeon (5/15)
 Temple: D:4-7

Altars:
Makhleb
Okawaru
Qazlal

Shops:
D:3 *???(   D:5 *


Innate Abilities, Weirdness & Mutations

You can breathe bolts of dispelling energy.
Your rich purple scales are hard. (AC +6)
You cannot fit into any form of body armour.
You are cold-blooded and may be slowed by cold attacks.
You have very sharp teeth.
A frigid envelope surrounds you and freezes all who hurt you.
Your system is resistant to poisons. (rPois)
Your muscles are strong. (Str +4, Int/Dex -1)


Message History

The gnoll sergeant hits you from afar with a +3 trident of protection!
The gnoll hits you with a +0 flail.
The gnoll is very cold.
The gnoll is heavily wounded.
You hear an angry hiss.
Casting: Scorch (safe; 3% risk of failure)
Confirm with . or Enter, or press ? or * to list all spells.
Flames lash the gnoll.
The gnoll is severely wounded.
The gnoll's fire resistance burns away.
The gnoll sergeant hits you but does no damage.
The gnoll hits you from afar with a +0 halberd!
The gnoll barely misses you.
Casting: Scorch (safe; 3% risk of failure)
Confirm with . or Enter, or press ? or * to list all spells.
Flames lash the gnoll.
The gnoll is almost dead.
The gnoll's fire resistance burns away.
You hear the brisk rusting of a very distant drain.
The gnoll sergeant hits you from afar with a +3 trident of protection.
The gnoll misses you. The gnoll barely misses you.
Casting: Scorch (safe; 3% risk of failure)
Confirm with . or Enter, or press ? or * to list all spells.
Flames lash the gnoll sergeant but do no damage.
The gnoll hits you with a +0 flail.
The gnoll is very cold.
You kill the gnoll!
The gnoll sergeant hits you from afar with a +3 trident of protection!
* * * LOW HITPOINT WARNING * * *
The gnoll closely misses you.
The gnoll hits you from afar with a +0 halberd.
* * * LOW HITPOINT WARNING * * *
An adder comes into view.
You feel better. The gnoll barely misses you.
The gnoll sergeant hits you from afar with a +3 trident of protection.
* * * LOW HITPOINT WARNING * * *
The gnoll hits you from afar with a +0 halberd.
* * * LOW HITPOINT WARNING * * *
As you read the scroll of teleportation, it crumbles to dust.
You feel strangely unstable.
The gnoll sergeant hits you from afar with a +3 trident of protection!
You die...

..8.∩.8.......
...⌠.⌠.......
.8.8.8..... #........
#......
#.....##############
#.....#............#
#..!@.'............#
#...)g#............#
#.gg..###########'###
#....................
#S...............[...
...#..#...............
~~~....#...............
≈~?~~..................
..............


You could see a gnoll sergeant, 2 gnolls and an adder.

Vanquished Creatures
  Grinder (D:3)
  A gnoll sergeant (D:5)
  A necrophage (D:4)
  A scorpion (D:5)
  2 hounds (D:5)
  3 iguanas
  Terence (D:2)
  Jessica (D:3)
  Robin (D:3)
  12 gnolls
  8 adders
  2 white imps (D:5)
  A worm (D:2)
  2 dart slugs
  4 orcs (D:4)
  7 ball pythons
  14 endoplasms
  6 giant cockroaches
  18 goblins
  10 hobgoblins
  3 jackals (D:5)
  3 quokkas
  2 training dummies (D:4)
  5 bats
  2 frilled lizards
  9 kobolds
  7 rats
127 creatures vanquished.

Vanquished Creatures (others)
  234 foxfires
  2 plants (D:5)
236 creatures vanquished.

Grand Total: 363 creatures vanquished

Notes
Turn   | Place    | Note
-------+----------+-------------------------------------------
     0 | D:1      | JoshKwa the Draconian Fire Elementalist began the quest for
                  | the Orb.
     0 | D:1      | Reached XP level 1. HP: 14/14 MP: 3/3
   124 | D:1      | Reached XP level 2. HP: 19/20 MP: 5/5
   245 | D:1      | Reached XP level 3. HP: 26/26 MP: 3/6
   248 | D:1      | Learned a level 2 spell: Scorch
   801 | D:2      | Noticed Terence
   812 | D:2      | Gained mutation: Your muscles are strong. (Str +4, Int/Dex
                  | -1) [potion of mutation]
   812 | D:2      | Gained mutation: You have very sharp teeth. [potion of
                  | mutation]
   812 | D:2      | Gained mutation: You have hidden genetic potential. [potion
                  | of mutation]
   822 | D:2      | Killed Terence
   823 | D:2      | Reached XP level 4. HP: 25/34 MP: 3/8
  1068 | D:2      | Found an iron altar of Okawaru.
  1164 | D:2      | Reached skill level 1 in Fighting
  1164 | D:2      | Reached skill level 3 in Spellcasting
  1176 | D:2      | Learned a level 4 spell: Flame Wave
  1179 | D:2      | Gained mutation: A frigid envelope surrounds you and
                  | freezes all who hurt you. [hidden potential]
  1521 | D:2      | Reached skill level 1 in Polearms
  1658 | D:3      | Noticed Robin
  1664 | D:3      | Reached XP level 5. HP: 38/40 MP: 4/9
  1677 | D:3      | Killed Robin
  1707 | D:3      | Found a stormy altar of Qazlal.
  1730 | D:3      | Found Tudo's Magic Scroll Shoppe.
  1734 | D:3      | Found Joneqa's Magic Scroll Boutique.
  1743 | D:3      | Bought a scroll of amnesia for 56 gold pieces
  1743 | D:3      | Bought a scroll of teleportation for 42 gold pieces
  1754 | D:3      | Found Ledobiu's Antique Weapon Shoppe.
  1757 | D:3      | Found Kuoviti's Magic Scroll Emporium.
  1771 | D:3      | Found an iron altar of Okawaru.
  1805 | D:3      | Bought a scroll of identify for 20 gold pieces
  1840 | D:3      | Found a burning altar of Makhleb.
  1893 | D:3      | Noticed Jessica
  1903 | D:3      | Gained mutation: Your system is resistant to poisons.
                  | (rPois) [hidden potential]
  1903 | D:3      | Lost mutation: You have hidden genetic potential. [hidden
                  | potential expressed]
  1914 | D:3      | Killed Jessica
  1945 | D:3      | Noticed Grinder
  1984 | D:3      | Paralysed by Grinder for 4 turns
  1993 | D:3      | Paralysed by Grinder for 5 turns
  2003 | D:3      | Killed Grinder
  2004 | D:3      | Reached skill level 4 in Spellcasting
  2004 | D:3      | Reached XP level 6. HP: 48/48 MP: 3/12
  2551 | D:3      | Found Mayn's Assorted Antiques.
  2559 | D:3      | Bought a viscous golden potion for 26 gold pieces
  2715 | D:4      | Identified the +5 whip of Astregan {holy, rF+ rCorr Str+2}
  3059 | D:4      | Your scales start taking on a rich purple colour.
  3059 | D:4      | Reached skill level 5 in Spellcasting
  3059 | D:4      | Reached XP level 7. HP: 56/56 MP: 10/14
  3079 | D:4      | Learned a level 3 spell: Gell's Gravitas
  3600 | D:5      | Entered Level 5 of the Dungeon
  3863 | D:5      | Reached skill level 1 in Maces & Flails
  3961 | D:5      | Reached skill level 6 in Spellcasting
  4000 | D:5      | Found Hivano Kone's General Store.
  4007 | D:5      | Slain by a gnoll sergeant

Illustrated notes

Levels and vault maps discovered:
D:1:      dpeg_arrival_radiant, layout_basic, minmay_small_reverse_x
D:2:      layout_loops_cross, basic_altar, uniq_terence
D:3:      layout_rooms, okawaru_metal_pillars_1_2,
          mainiacjoe_overflow_six_doors_small, general_overflow_altar,
          serial_shops, shop, nicolae_shop_statue_plus, nicolae_square_shop,
          shop, nicolae_shop_stone, grunt_ministairs_11, uniq_grinder,
          uniq_robin, uniq_jessica
D:4:      dreamdust_elfheim, layout_basic
D:5:      layout_gridville, mainiacjoe_overflow_small_starburst,
          portal_sewer_entry_e, serial_shops,
          nicolae_shop_temple_entry_statues_fountains, chequers_big_river

Skill      XL: |  1  2  3  4  5  6  7 |
---------------+----------------------+-----
Stealth        | 2 |  2.1
Dodging        | 2 |  2.8
Fighting       | 1 2 3 |  3.3
Spellcasting   | 3 4 5 6 |  6.0
Polearms       | 1 |  1.3
Conjurations   | 2 3 |  3.3
Fire Magic     | 4 |  4.6
Maces & Flails | 1 |  1.5
Short Blades   | |  0.9
Long Blades    | |  0.1

Action                   |  1- 3 |  4- 6 |  7- 9 || total
-------------------------+-------+-------+-------++-------
Melee: Unarmed           |     6 |       |       ||     6
       Tailslap          |     5 |     2 |     4 ||    11
       Long sword        |     7 |       |       ||     7
       Spear             |    34 |    15 |       ||    49
       Bite              |     1 |     2 |     2 ||     5
       Dagger            |       |    12 |       ||    12
       Whip              |       |     4 |    25 ||    29
 Cast: Foxfire           |    56 |    77 |     9 ||   142
       Scorch            |     1 |     2 |    13 ||    16
  Use: Potion            |     4 |     5 |     1 ||    10
       Scroll            |     1 |     6 |     1 ||     8
Armor: Skin              |    37 |    28 |    17 ||    82
Dodge: Dodged            |    54 |    46 |    31 ||   131

Table legend: (Time is in decaauts)
 A = Elapsed time spent in this place.
 B = Non-inter-level travel time spent in this place.
 C = Inter-level travel time spent in this place.
 D = Time resting spent in this place.
 E = Time spent auto-exploring this place.
 F = Levels seen in this place.
 G = Mean time per level.
                   A        B        C        D        E       F      G
               +--------+--------+--------+--------+--------+-----+--------+
         Total |   4021 |   3574 |    447 |   1035 |      0 |   5 |  804.2 |
       Dungeon |   4021 |   3574 |    447 |   1035 |      0 |   5 |  804.2 |
               +--------+--------+--------+--------+--------+-----+--------+

Top non-repeatable levels by time:
     D:3: 1021 daAuts
     D:4: 927 daAuts
     D:2: 896 daAuts
     D:1: 768 daAuts
     D:5: 407 daAuts
